Map: Simulacrum LE

Players

LiquidMaNa (MaNa) - Winner!

  • Race: Protoss Protoss
  • League: Grandmaster
  • Spawn Location: 11:00

goblin

  • Race: Protoss Protoss
  • League: Master
  • Spawn Location: 5:00

Event: StayAtHomestory Cup #1

VOD

Have the link to the VOD?

Description

Time

  • Played on: April 11, 2020, 6:21 a.m.
  • Length: 6:54

All games in this series

Show
View Real Time Build Order
Export as new Build Order

LiquidMaNa Protoss - Winner!

Build Orders: Phoenix Opening 

Get SALT Encoding   

  12  0:00  Probe  
  13  0:12  Probe  
  14  0:17  Pylon  
  14  0:24  Probe (Chrono Boost)  
  15  0:37  Probe (Chrono Boost)  
  15  0:38  Gateway  
  16  0:44  Probe (Chrono Boost)  
  16  0:48  Assimilator  
  17  0:51  Probe  
  18  0:58  Assimilator  
  18  1:03  Probe  
  19  1:11  Gateway  
  19  1:15  Probe (Chrono Boost)  
  20  1:25  Cybernetics Core  
  20  1:27  Probe (Chrono Boost)  
  21  1:33  Pylon  
  21  1:36  Probe (Chrono Boost)  
  22  1:44  Probe  
  23  1:56  Probe  
  24  2:01  Stalker x2  
  24  2:06  Warp Gate  
  28  2:08  Probe  
  29  2:16  Pylon  
  29  2:28  Stargate  
  29  2:33  Stalker  
  31  2:39  Stalker  
  32  2:56  Pylon  
  33  3:06  Robotics Facility  
  33  3:12  Phoenix  
  35  3:13  Zealot  
  35  3:16  Zealot  
  38  3:23  Shield Battery  
  38  3:31  Pylon  
  38  3:39  Phoenix  
  40  3:54  Stalker  
  40  3:55  Zealot  
  42  4:08  Phoenix  
  43  4:17  Immortal (Chrono Boost)  
  46  4:29  Probe  
  47  4:35  Zealot x2  
  51  4:40  Pylon  
  51  4:43  Probe  
  52  4:49  Observer (Chrono Boost)  
  53  4:56  Zealot  
  53  4:59  Zealot  
  57  5:01  Probe  
  58  5:13  Probe  
  57  5:15  Phoenix  
  41  5:39  Immortal  
  43  5:43  Stalker x2  
  43  5:46  Probe  
  44  6:00  Phoenix  
  46  6:08  Stalker x2  
  54  6:32  Stalker  
  56  6:34  Zealot  
  58  6:42  Probe  
Show
View Real Time Build Order
Export as new Build Order

goblin Protoss 

Build Orders:  

Get SALT Encoding   

  12  0:00  Probe  
  13  0:12  Probe  
  14  0:18  Pylon  
  14  0:24  Probe (Chrono Boost)  
  15  0:37  Gateway, Probe (Chrono Boost)  
  16  0:45  Probe (Chrono Boost)  
  16  0:47  Assimilator  
  17  0:51  Probe  
  17  0:55  Assimilator  
  18  1:03  Probe (Chrono Boost)  
  19  1:09  Gateway  
  19  1:13  Probe (Chrono Boost)  
  19  1:18  Probe (Chrono Boost)  
  21  1:26  Cybernetics Core  
  21  1:29  Probe  
  22  1:37  Pylon  
  22  1:42  Probe  
  23  2:03  Robotics Facility  
  23  2:04  Stalker  
  23  2:05  Stalker  
  27  2:11  Warp Gate  
  27  2:18  Pylon  
  28  2:29  Shield Battery  
  27  2:37  Stalker  
  27  2:38  Stalker  
  31  2:50  Immortal (Chrono Boost)  
  35  3:05  Pylon  
  35  3:18  Warp Prism (Chrono Boost)  
  35  3:19  Probe  
  38  3:31  Pylon  
  38  3:48  Immortal (Chrono Boost)  
  34  4:17  Stalker x2  
  34  4:23  Warp Prism (Chrono Boost)  
  40  4:34  Pylon  
  40  4:39  Gateway  
  40  4:41  Sentry  
  40  4:42  Sentry  
  44  4:55  Immortal (Chrono Boost)  
  48  5:05  Sentry x2  
  44  5:32  Stalker x2  
  34  5:42  Immortal  
  32  5:54  Stalker  
  32  6:02  Stalker x2  
  34  6:19  Stalker  
  36  6:25  Stalker  
  36  6:26  Stalker  
Tags
 
Add a new tag
Caveats
  • Supply blocks, unpowered buildings, or Contaminate may cause inaccurate times.
  • Supply counts are checked every 10 seconds.